Bruins vs Maroons

Created - 30 janvier 2021 at 14:06

Goals
1 2 3 T
Bruins 1 0 0 1
Maroons 1 2 2 5
Shots
1 2 3 T
Bruins 9 9 14 32
Maroons 10 10 13 33

1st period

1. Bruins , Ilya Mikheyev 7 (Casey Cizikas 11) at 14:06 (SH)
2. Maroons , Filip Zadina 10 (Pierre-Luc Dubois 15) at 16:56

Penalties :
Lawson Crouse (BOS) for Hooking (Minor) at 13:49

2nd period

3. Maroons , Nick Schmaltz 6 (Bo Horvat 22, Dylan McIlrath 3) at 0:14
4. Maroons , Bo Horvat 13 (Nick Schmaltz 11, Matthew Tkachuk 22) at 4:44 (PP)

Penalties :
Ryan Johansen (BOS) for Holding (Minor) at 4:30

3rd period

5. Maroons , Nicolas Aube-Kubel 3 (Casey Mittelstadt 4) at 15:23
6. Maroons , Nick Ritchie 8 (Filip Zadina 7, Pierre-Luc Dubois 16) at 18:03

Penalties :
Paul Stastny (BOS) for Hooking (Minor) at 2:51

Goalie Stats

Juuse Saros (BOS), 28 saves from 33 shots - (0,848), L, 8-3-2, 60:00 minutes
Mikko Koskinen (MON), 31 saves from 32 shots - (0,969), W, 6-3-1, 60:00 minutes

Players Stats for Bruins

Player Name              G  A  P  +/- PIM S  H  SB GA TA FO     MP     PP MP  PK MP  
------------------------------------------------------------------------------------
Anthony Beauvillier      0  0  0   0  0   3  0  0  1  0  0/0    17:44   0:00   0:29 
Anthony Mantha           0  0  0  -1  0   3  1  0  0  0  0/0    13:00   0:00   0:00 
Brady Tkachuk            0  0  0  -1  0   6  3  0  1  0  0/0    13:00   0:00   0:00 
Cam Fowler               0  0  0   0  0   0  0  0  0  0  0/0    19:55   0:00   2:06 
Casey Cizikas            0  1  1   1  0   2  3  0  0  0  0/2    14:12   0:00   2:01 
Connor Murphy            0  0  0  -1  0   0  0  1  0  0  0/0    20:03   0:00   2:06 
Ethan Bear               0  0  0  -1  0   2  0  1  1  1  0/0    18:50   0:00   0:00 
Ilya Mikheyev            1  0  1  -2  0   6  1  1  0  0  0/2    17:16   0:00   2:01 
Jakob Chychrun           0  0  0  -2  0   1  0  1  0  2  0/0    17:50   0:00   0:00 
Joel Edmundson           0  0  0   0  0   1  3  0  0  2  0/0    20:20   0:00   2:06 
Lawson Crouse            0  0  0  -3  2   1  2  0  0  0  1/3    16:16   0:00   0:55 
Luke Glendening          0  0  0   0  0   0  0  1  1  0  0/2    13:46   0:00   1:52 
Nico Hischier            0  0  0   0  0   0  0  0  0  0  0/0     2:29   0:00   0:00 
Nolan Patrick            0  0  0   0  0   0  1  0  0  0  0/1    13:31   0:00   0:19 
Paul Stastny             0  0  0  -4  2   3  0  0  2  0  11/26  23:47   0:00   0:47 
Ryan Johansen            0  0  0   0  2   0  0  0  1  0  0/0    15:53   0:00   0:00 
Sean Monahan             0  0  0   0  0   3  1  0  0  0  9/17   16:37   0:00   0:00 
Seth Jones               0  0  0  -2  0   1  0  1  0  0  0/0    20:32   0:00   2:06 

Players Stats for Maroons

Player Name              G  A  P  +/- PIM S  H  SB GA TA FO     MP     PP MP  PK MP  
------------------------------------------------------------------------------------
Bo Horvat                1  1  2   0  0   8  2  0  1  0  17/29  22:17   2:19   0:00 
Cal Clutterbuck          0  0  0   1  0   0  1  0  0  0  0/0    12:28   0:00   0:00 
Carl Gunnarsson          0  0  0   1  0   1  0  0  0  0  0/0    17:08   0:00   0:00 
Casey Mittelstadt        0  1  1   1  0   3  0  1  0  1  3/5    12:27   0:00   0:00 
Dylan McIlrath           0  1  1   2  0   0  1  0  0  1  0/0    16:12   0:00   0:00 
Esa Lindell              0  0  0   0  0   0  0  0  0  2  0/0    25:05   2:52   0:00 
Filip Zadina             1  1  2   2  0   5  2  0  1  0  1/2    16:25   1:53   0:00 
Frederik Gauthier        0  0  0   0  0   2  0  0  0  0  3/3     8:59   0:00   0:00 
Jacob Trouba             0  0  0   1  0   0  0  2  0  2  0/0    18:23   1:20   0:00 
Jay Beagle               0  0  0   0  0   0  2  0  1  0  0/0     9:03   0:00   0:00 
Kieffer Bellows          0  0  0   0  0   0  1  0  0  0  0/0     8:59   0:00   0:00 
Matthew Tkachuk          0  1  1   0  0   5  3  0  1  0  0/1    22:17   2:19   0:00 
Nick Ritchie             1  0  1   2  0   1  6  0  0  1  0/1    16:25   1:53   0:00 
Nick Schmaltz            1  1  2   0  0   2  0  0  1  0  0/0    22:17   2:19   0:00 
Nicolas Aube-Kubel       1  0  1   1  0   4  4  0  0  0  0/0    12:19   0:00   0:00 
Pierre-Luc Dubois        0  2  2   2  0   0  2  0  0  0  8/12   16:36   1:53   0:00 
Ryan McDonagh            0  0  0   1  0   1  0  1  0  0  0/0    23:40   1:20   0:00 
Vince Dunn               0  0  0   1  0   1  2  0  0  0  0/0    19:00   2:52   0:00 

3 Stars

1 - Filip Zadina (MON)
2 - Nick Ritchie (MON)
3 - Mikko Koskinen (MON)

Power Play

Bruins - 0 on 0 Attempt(s) - 0,00%
Maroons - 1 on 3 Attempt(s) - 33,33%

Penalty Kill

Bruins - 2 on 3 Attempt(s) - 66,67% - Score 1 goal in Penalty Kill
Maroons - 0 on 0 Attempt(s) - 0,00% - Score 0 goal in Penalty Kill

Team Stat

Bruins - Hits : 15 - Faceoff Wins : 21 - Blocked Shots : 6 - Penalty Minutes : 6
Maroons - Hits : 26 - Faceoff Wins : 32 - Blocked Shots : 4 - Penalty Minutes : 0

Official

Referees : Jim Curtin and Kevin Pollock
Linesman : Brendan Lewis and Brent Hooks

Game Notes

0:14 of 2nd period - Maroons goal is going for a video replay. After video review, Goal.

Finance

Level 1 -- Attendance: 4880 (81,33%) -- Ticket Income 488 000 $
Level 2 -- Attendance: 4988 (99,76%) -- Ticket Income 299 280 $
Level 3 -- Attendance: 1801 (90,05%) -- Ticket Income 63 035 $
Level 4 -- Attendance: 4000 (100,00%) -- Ticket Income 80 000 $
Luxury Box -- Attendance: 799 (79,90%) -- Ticket Income 159 800 $
Game was played at the Arena de Verdun.
Total Attendance: 16468 (91,49%)
Total Ticket Income: 1 090 115 $
Other Income: 534 156 $
Total Income: 1 624 271 $

Bruins

5 vs 5 Forward 
   Center                   Left Wing                Right Wing               Time % Phy DF OF 
 1 Sean Monahan             Anthony Beauvillier      Ryan Johansen            30     0   3  2  
 2 Paul Stastny             Brady Tkachuk            Anthony Mantha           30     0   4  1  
 3 Paul Stastny             Lawson Crouse            Ilya Mikheyev            28     0   3  2  
 4 Luke Glendening          Casey Cizikas            Nolan Patrick            12     0   4  1  

5 vs 5 Defense 
   Defense                  Defense                                           Time % Phy DF OF 
 1 Seth Jones               Jakob Chychrun                                    34     0   3  2  
 2 Cam Fowler               Connor Murphy                                     33     0   4  1  
 3 Ethan Bear               Joel Edmundson                                    33     0   4  1  
 4 Ethan Bear               Seth Jones                                        0      1   2  2  

PowerPlay Forward 
   Center                   Left Wing                Right Wing               Time % Phy DF OF 
 1 Sean Monahan             Anthony Mantha           Ryan Johansen            50     0   0  4  
 2 Nico Hischier            Brady Tkachuk            Anthony Beauvillier      50     0   1  4  

PowerPlay Defense
   Defense                  Defense                                           Time % Phy DF OF 
 1 Cam Fowler               Connor Murphy                                     50     0   2  3  
 2 Seth Jones               Joel Edmundson                                    50     0   2  3  

Penalty Kill 4 Players Forward 
   Center                   Wing                     Time % Phy DF OF 
 1 Luke Glendening          Lawson Crouse            50     0   4  1  
 2 Casey Cizikas            Ilya Mikheyev            50     0   4  1  

Penalty Kill 4 Players Defense
   Defense                  Defense                  Time % Phy DF OF 
 1 Seth Jones               Connor Murphy            50     0   5  0  
 2 Cam Fowler               Joel Edmundson           50     0   5  0  

Penalty Kill - 3 Players Forward 
   Forward                                           Time % Phy DF OF 
 1 Luke Glendening                                   60     0   5  0  
 2 Casey Cizikas                                     40     0   5  0  

Penalty Kill - 3 Players Defense
   Defense                  Defense                  Time % Phy DF OF 
 1 Seth Jones               Connor Murphy            60     0   5  0  
 2 Cam Fowler               Joel Edmundson           40     0   5  0  

4 vs 4 Forward 
   Center                   Wing                     Time % Phy DF OF 
 1 Sean Monahan             Anthony Mantha           60     1   2  2  
 2 Brady Tkachuk            Ryan Johansen            40     1   2  2  

4 vs 4 Defense
   Defense                  Defense                  Time % Phy DF OF 
 1 Seth Jones               Jakob Chychrun           60     1   2  2  
 2 Cam Fowler               Joel Edmundson           40     1   2  2  

Last Minutes Offensive
   Center                   Left Wing                Right Wing               Defense                  Defense                  
   Sean Monahan             Anthony Mantha           Ryan Johansen            Seth Jones               Connor Murphy            

Last Minutes Defensive
   Center                   Left Wing                Right Wing               Defense                  Defense                  
   Sean Monahan             Anthony Mantha           Ryan Johansen            Seth Jones               Connor Murphy            

Goaltenders
Starting : Juuse Saros              
Backup : Jordan Binnington        

Extra Forwards
Normal : Paul Stastny, Lawson Crouse, Nolan Patrick - PP : Paul Stastny, Nolan Patrick - PK : Paul Stastny
Extra Defensemen
Normal : Ethan Bear, Connor Murphy, Joel Edmundson - PP : Jakob Chychrun - PK : Ethan Bear, Jakob Chychrun
Penalty Shots
Sean Monahan, Anthony Beauvillier, Brady Tkachuk, Ryan Johansen, Paul Stastny
Custom OT Lines Forwards
Sean Monahan, Anthony Mantha, Brady Tkachuk, Ryan Johansen, Paul Stastny, Anthony Beauvillier, Casey Cizikas, Lawson Crouse, Luke Glendening, Ilya Mikheyev
Custom OT Lines Defensemen
Seth Jones, Connor Murphy, Cam Fowler, Joel Edmundson, Ethan Bear

Scratches
Maxime Comtois (Healthy), Jarred Tinordi (Healthy), Cam Talbot (Healthy)

Maroons

5 vs 5 Forward 
   Center                   Left Wing                Right Wing               Time % Phy DF OF 
 1 Bo Horvat                Matthew Tkachuk          Nick Schmaltz            40     1   2  2  
 2 Pierre-Luc Dubois        Nick Ritchie             Filip Zadina             30     1   2  2  
 3 Casey Mittelstadt        Cal Clutterbuck          Nicolas Aube-Kubel       20     1   2  2  
 4 Frederik Gauthier        Kieffer Bellows          Jay Beagle               10     1   2  2  

5 vs 5 Defense 
   Defense                  Defense                                           Time % Phy DF OF 
 1 Esa Lindell              Ryan McDonagh                                     40     1   2  2  
 2 Carl Gunnarsson          Jacob Trouba                                      30     1   2  2  
 3 Vince Dunn               Dylan McIlrath                                    20     1   2  2  
 4 Vince Dunn               Dylan McIlrath                                    10     1   2  2  

PowerPlay Forward 
   Center                   Left Wing                Right Wing               Time % Phy DF OF 
 1 Bo Horvat                Matthew Tkachuk          Nick Schmaltz            60     1   2  2  
 2 Pierre-Luc Dubois        Nick Ritchie             Filip Zadina             40     1   2  2  

PowerPlay Defense
   Defense                  Defense                                           Time % Phy DF OF 
 1 Esa Lindell              Vince Dunn                                        60     1   2  2  
 2 Jacob Trouba             Ryan McDonagh                                     40     1   2  2  

Penalty Kill 4 Players Forward 
   Center                   Wing                     Time % Phy DF OF 
 1 Jay Beagle               Cal Clutterbuck          60     1   2  2  
 2 Frederik Gauthier        Nicolas Aube-Kubel       40     1   2  2  

Penalty Kill 4 Players Defense
   Defense                  Defense                  Time % Phy DF OF 
 1 Esa Lindell              Dylan McIlrath           60     1   2  2  
 2 Carl Gunnarsson          Vince Dunn               40     1   2  2  

Penalty Kill - 3 Players Forward 
   Forward                                           Time % Phy DF OF 
 1 Jay Beagle                                        60     1   2  2  
 2 Bo Horvat                                         40     1   2  2  

Penalty Kill - 3 Players Defense
   Defense                  Defense                  Time % Phy DF OF 
 1 Esa Lindell              Dylan McIlrath           60     1   2  2  
 2 Carl Gunnarsson          Vince Dunn               40     1   2  2  

4 vs 4 Forward 
   Center                   Wing                     Time % Phy DF OF 
 1 Jay Beagle               Cal Clutterbuck          60     1   2  2  
 2 Matthew Tkachuk          Pierre-Luc Dubois        40     1   2  2  

4 vs 4 Defense
   Defense                  Defense                  Time % Phy DF OF 
 1 Esa Lindell              Dylan McIlrath           60     1   2  2  
 2 Carl Gunnarsson          Vince Dunn               40     1   2  2  

Last Minutes Offensive
   Center                   Left Wing                Right Wing               Defense                  Defense                  
   Bo Horvat                Matthew Tkachuk          Nick Schmaltz            Esa Lindell              Dylan McIlrath           

Last Minutes Defensive
   Center                   Left Wing                Right Wing               Defense                  Defense                  
   Bo Horvat                Matthew Tkachuk          Nick Schmaltz            Esa Lindell              Dylan McIlrath           

Goaltenders
Starting : Mikko Koskinen           
Backup : John Gibson              

Extra Forwards
Normal : Nick Ritchie, Filip Zadina, Jay Beagle - PP : Nick Ritchie, Filip Zadina - PK : Jay Beagle
Extra Defensemen
Normal : Esa Lindell, Dylan McIlrath, Carl Gunnarsson - PP : Esa Lindell - PK : Dylan McIlrath, Carl Gunnarsson
Penalty Shots
Casey Mittelstadt, Kieffer Bellows, Nick Schmaltz, Pierre-Luc Dubois, Matthew Tkachuk
Custom OT Lines Forwards
Bo Horvat, Casey Mittelstadt, Matthew Tkachuk, Pierre-Luc Dubois, Nick Schmaltz, Cal Clutterbuck, Nick Ritchie, Filip Zadina, Jay Beagle, Frederik Gauthier
Custom OT Lines Defensemen
Esa Lindell, Dylan McIlrath, Carl Gunnarsson, Vince Dunn, Jacob Trouba

Scratches
None


% Time on Ice - Bruins

Lines # - Real PCT - Wanted PCT - Time Play
Normal Forward
1 - 29% - 30% - 16:02
2 - 26% - 30% - 14:39
3 - 24% - 28% - 13:35
4 - 21% - 12% - 11:32
Normal Defense
1 - 32% - 34% - 18:01
2 - 32% - 33% - 17:49
3 - 32% - 33% - 18:01
4 - 3% - 0% - 1:57
PP Forward
1 - 0% - 50%
2 - 0% - 50%
PP Defense
1 - 0% - 50%
2 - 0% - 50%
PK Forward
1 - 49% - 50% - 2:04
2 - 51% - 50% - 2:08
PK Defense
1 - 50% - 50% - 2:06
2 - 50% - 50% - 2:06
PK3 Forward
1 - 0% - 60%
2 - 0% - 40%
PK3 Defense
1 - 0% - 60%
2 - 0% - 40%
44 Forward
1 - 0% - 60%
2 - 0% - 40%
44 Defense
1 - 0% - 60%
2 - 0% - 40%
Last Minute Offensive  - 0:00
Last Minute Defensive  - 0:00
Total
Forward - 60:00
Defense - 60:00

% Time on Ice - Maroons

Lines # - Real PCT - Wanted PCT - Time Play
Normal Forward
1 - 36% - 40% - 19:58
2 - 26% - 30% - 14:32
3 - 22% - 20% - 12:19
4 - 16% - 10% - 8:59
Normal Defense
1 - 41% - 40% - 23:01
2 - 30% - 30% - 16:35
3 - 20% - 20% - 10:56
4 - 9% - 10% - 5:16
PP Forward
1 - 55% - 60% - 2:19
2 - 45% - 40% - 1:53
PP Defense
1 - 68% - 60% - 2:52
2 - 32% - 40% - 1:20
PK Forward
1 - 0% - 60%
2 - 0% - 40%
PK Defense
1 - 0% - 60%
2 - 0% - 40%
PK3 Forward
1 - 0% - 60%
2 - 0% - 40%
PK3 Defense
1 - 0% - 60%
2 - 0% - 40%
44 Forward
1 - 0% - 60%
2 - 0% - 40%
44 Defense
1 - 0% - 60%
2 - 0% - 40%
Last Minute Offensive  - 0:00
Last Minute Defensive  - 0:00
Total
Forward - 60:00
Defense - 60:00

Play-by-Play

1st period


0:01 of 1st period - Sean Monahan wins face-off versus Bo Horvat in neutral zone.
0:06 of 1st period - Slapshot by Sean Monahan.
0:06 of 1st period - Shot Misses the Net.
0:48 of 1st period - Wrist shot by Brady Tkachuk.
0:48 of 1st period - Shot Misses the Net.
1:10 of 1st period - Off-side.
1:11 of 1st period - Frederik Gauthier wins face-off versus Ilya Mikheyev in neutral zone.
1:20 of 1st period - Snap shot by Frederik Gauthier.
1:20 of 1st period - Stopped by Juuse Saros without a rebound.
1:21 of 1st period - Bo Horvat wins face-off versus Ilya Mikheyev in Bruins zone.
2:15 of 1st period - Backhand shot by Nicolas Aube-Kubel.
2:15 of 1st period - Shot Blocked by Luke Glendening.
2:17 of 1st period - Slapshot by Carl Gunnarsson.
2:17 of 1st period - Stopped by Juuse Saros with a rebound.
3:31 of 1st period - Wrist shot by Nicolas Aube-Kubel.
3:31 of 1st period - Stopped by Juuse Saros without a rebound.
3:32 of 1st period - Casey Mittelstadt wins face-off versus Paul Stastny in Bruins zone.
3:35 of 1st period - Snap shot by Nicolas Aube-Kubel.
3:35 of 1st period - Shot Misses the Net.
3:41 of 1st period - Vince Dunn is hit by Brady Tkachuk and loses puck.
4:02 of 1st period - Snap shot by Matthew Tkachuk.
4:02 of 1st period - Shot Misses the Net.
4:44 of 1st period - Wrist shot by Ilya Mikheyev.
4:44 of 1st period - Shot Misses the Net.
4:52 of 1st period - Wrist shot by Filip Zadina.
4:52 of 1st period - Shot Misses the Net.
6:34 of 1st period - Ryan Johansen is hit by Filip Zadina and loses puck.
7:35 of 1st period - Joel Edmundson is hit by Nick Ritchie and loses puck.
8:57 of 1st period - Off-side.
8:58 of 1st period - Paul Stastny wins face-off versus Casey Mittelstadt in neutral zone.
9:03 of 1st period - Wrist shot by Brady Tkachuk.
9:03 of 1st period - Stopped by Mikko Koskinen with a rebound.
9:58 of 1st period - Ilya Mikheyev is hit by Jay Beagle and loses puck.
10:43 of 1st period - Sean Monahan is hit by Nicolas Aube-Kubel.
11:33 of 1st period - Seth Jones is hit by Pierre-Luc Dubois and loses puck.
12:00 of 1st period - Wrist shot by Matthew Tkachuk.
12:00 of 1st period - Stopped by Juuse Saros without a rebound.
12:01 of 1st period - Bo Horvat wins face-off versus Paul Stastny in Bruins zone.
12:08 of 1st period - Snap shot by Bo Horvat.
12:08 of 1st period - Deflect By Matthew Tkachuk.
12:08 of 1st period - Stopped by Juuse Saros without a rebound.
12:09 of 1st period - Sean Monahan wins face-off versus Bo Horvat in Bruins zone.
13:12 of 1st period - Snap shot by Sean Monahan.
13:12 of 1st period - Stopped by Mikko Koskinen with a rebound.
13:14 of 1st period - Slapshot by Cam Fowler.
13:14 of 1st period - Shot Blocked by Casey Mittelstadt.
13:16 of 1st period - Snap shot by Anthony Beauvillier.
13:16 of 1st period - Stopped by Mikko Koskinen without a rebound.
13:17 of 1st period - Paul Stastny wins face-off versus Bo Horvat in Maroons zone.
13:49 of 1st period - Minor Penalty to Lawson Crouse for Hooking.
13:50 of 1st period - Bo Horvat wins face-off versus Luke Glendening in Bruins zone.
14:04 of 1st period - Wrist shot by Ilya Mikheyev.
14:04 of 1st period - Stopped by Mikko Koskinen with a rebound.
14:06 of 1st period - Wrist shot by Ilya Mikheyev.
14:06 of 1st period - Goal by Ilya Mikheyev - Bruins : 1 - Maroons : 0.
14:07 of 1st period - Bo Horvat wins face-off versus Luke Glendening in neutral zone.
15:31 of 1st period - Connor Murphy is hit by Vince Dunn and loses puck.
15:49 of 1st period - Penalty to Lawson Crouse is over, Lawson Crouse is back on ice.
16:01 of 1st period - Nicolas Aube-Kubel is hit by Casey Cizikas and loses puck.
16:11 of 1st period - Icing by Ethan Bear.
16:12 of 1st period - Frederik Gauthier wins face-off versus Sean Monahan in Bruins zone.
16:41 of 1st period - Slapshot by Anthony Mantha.
16:41 of 1st period - Stopped by Mikko Koskinen with a rebound.
16:43 of 1st period - Slapshot by Anthony Mantha.
16:43 of 1st period - Shot Misses the Net.
16:45 of 1st period - Slapshot by Ethan Bear.
16:45 of 1st period - Stopped by Mikko Koskinen with a rebound.
16:47 of 1st period - Snap shot by Paul Stastny.
16:47 of 1st period - Stopped by Mikko Koskinen without a rebound.
16:48 of 1st period - Pierre-Luc Dubois wins face-off versus Paul Stastny in Maroons zone.
16:48 of 1st period - Pierre-Luc Dubois is hit by Lawson Crouse.
16:56 of 1st period - Backhand shot by Filip Zadina.
16:56 of 1st period - Goal by Filip Zadina - Bruins : 1 - Maroons : 1.
16:57 of 1st period - Bo Horvat wins face-off versus Paul Stastny in neutral zone.
17:04 of 1st period - Slapshot by Bo Horvat.
17:04 of 1st period - Stopped by Juuse Saros with a rebound.
17:06 of 1st period - Slapshot by Ryan McDonagh.
17:06 of 1st period - Stopped by Juuse Saros without a rebound.
17:07 of 1st period - Bo Horvat wins face-off versus Paul Stastny in Bruins zone.
17:26 of 1st period - Snap shot by Matthew Tkachuk.
17:26 of 1st period - Deflect By Bo Horvat.
17:26 of 1st period - Stopped by Juuse Saros with a rebound.
17:32 of 1st period - Snap shot by Brady Tkachuk.
17:32 of 1st period - Stopped by Mikko Koskinen with a rebound.
17:45 of 1st period - Nick Schmaltz is hit by Brady Tkachuk and loses puck.
17:56 of 1st period - Snap shot by Bo Horvat.
17:56 of 1st period - Shot Blocked by Connor Murphy.
17:58 of 1st period - Snap shot by Nick Schmaltz.
17:58 of 1st period - Stopped by Juuse Saros without a rebound.
17:59 of 1st period - Sean Monahan wins face-off versus Pierre-Luc Dubois in Bruins zone.
18:24 of 1st period - Seth Jones is hit by Nicolas Aube-Kubel and loses puck.
18:51 of 1st period - Ethan Bear is hit by Jay Beagle and loses puck.
19:27 of 1st period - Snap shot by Nolan Patrick.
19:27 of 1st period - Shot Misses the Net.
19:45 of 1st period - Bo Horvat is hit by Sean Monahan and loses puck.
Goals for this period are 1 for Bruins vs 1 for Maroons.
Shots for this period are 9 for Bruins vs 10 for Maroons.

2nd period


0:01 of 2nd period - Lawson Crouse wins face-off versus Bo Horvat in neutral zone.
0:10 of 2nd period - Wrist shot by Nick Schmaltz.
0:10 of 2nd period - Deflect By Bo Horvat.
0:10 of 2nd period - Stopped by Juuse Saros with a rebound.
0:12 of 2nd period - Snap shot by Nick Schmaltz.
0:12 of 2nd period - Shot Misses the Net.
0:14 of 2nd period - Snap shot by Nick Schmaltz.
0:14 of 2nd period - Maroons goal is going for a video replay.
0:14 of 2nd period - The goal is good.
0:14 of 2nd period - Goal by Nick Schmaltz - Bruins : 1 - Maroons : 2.
0:15 of 2nd period - Paul Stastny wins face-off versus Pierre-Luc Dubois in neutral zone.
0:20 of 2nd period - Snap shot by Ilya Mikheyev.
0:20 of 2nd period - Stopped by Mikko Koskinen without a rebound.
0:21 of 2nd period - Paul Stastny wins face-off versus Filip Zadina in Maroons zone.
0:34 of 2nd period - Wrist shot by Pierre-Luc Dubois.
0:34 of 2nd period - Shot Blocked by Jakob Chychrun.
0:46 of 2nd period - Wrist shot by Bo Horvat.
0:46 of 2nd period - Shot Misses the Net.
0:48 of 2nd period - Slapshot by Matthew Tkachuk.
0:48 of 2nd period - Stopped by Juuse Saros with a rebound.
0:50 of 2nd period - Snap shot by Bo Horvat.
0:50 of 2nd period - Shot Hit the Post.
0:52 of 2nd period - Slapshot by Ryan McDonagh.
0:52 of 2nd period - Shot Blocked by Seth Jones.
0:54 of 2nd period - Wrist shot by Matthew Tkachuk.
0:54 of 2nd period - Shot Misses the Net.
1:14 of 2nd period - Snap shot by Nicolas Aube-Kubel.
1:14 of 2nd period - Shot Misses the Net.
2:29 of 2nd period - Paul Stastny is hit by Nicolas Aube-Kubel and loses puck.
3:10 of 2nd period - Wrist shot by Anthony Mantha.
3:10 of 2nd period - Shot Misses the Net.
3:24 of 2nd period - Joel Edmundson is hit by Matthew Tkachuk.
4:30 of 2nd period - Minor Penalty to Ryan Johansen for Holding.
4:31 of 2nd period - Bo Horvat wins face-off versus Casey Cizikas in Bruins zone.
4:44 of 2nd period - Snap shot by Bo Horvat.
4:44 of 2nd period - Goal by Bo Horvat - Bruins : 1 - Maroons : 3.
4:45 of 2nd period - Paul Stastny wins face-off versus Bo Horvat in neutral zone.
5:00 of 2nd period - Lawson Crouse is hit by Matthew Tkachuk and loses puck.
5:29 of 2nd period - Snap shot by Ilya Mikheyev.
5:29 of 2nd period - Stopped by Mikko Koskinen without a rebound.
5:30 of 2nd period - Bo Horvat wins face-off versus Sean Monahan in Maroons zone.
5:41 of 2nd period - Snap shot by Sean Monahan.
5:41 of 2nd period - Stopped by Mikko Koskinen with a rebound.
6:16 of 2nd period - Seth Jones is hit by Nick Ritchie and loses puck.
6:23 of 2nd period - Luke Glendening is hit by Nick Ritchie and loses puck.
6:46 of 2nd period - Wrist shot by Casey Cizikas.
6:46 of 2nd period - Stopped by Mikko Koskinen without a rebound.
6:47 of 2nd period - Bo Horvat wins face-off versus Paul Stastny in Maroons zone.
7:18 of 2nd period - Snap shot by Anthony Beauvillier.
7:18 of 2nd period - Stopped by Mikko Koskinen with a rebound.
7:32 of 2nd period - Slapshot by Vince Dunn.
7:32 of 2nd period - Stopped by Juuse Saros with a rebound.
7:37 of 2nd period - Off-side.
7:38 of 2nd period - Frederik Gauthier wins face-off versus Sean Monahan in neutral zone.
7:43 of 2nd period - Wrist shot by Frederik Gauthier.
7:43 of 2nd period - Shot Misses the Net.
7:51 of 2nd period - Backhand shot by Frederik Gauthier.
7:51 of 2nd period - Shot Misses the Net.
8:03 of 2nd period - Paul Stastny is hit by Bo Horvat and loses puck.
8:30 of 2nd period - Wrist shot by Filip Zadina.
8:30 of 2nd period - Stopped by Juuse Saros without a rebound.
8:31 of 2nd period - Pierre-Luc Dubois wins face-off versus Sean Monahan in Bruins zone.
8:34 of 2nd period - Snap shot by Filip Zadina.
8:34 of 2nd period - Stopped by Juuse Saros without a rebound.
8:35 of 2nd period - Sean Monahan wins face-off versus Bo Horvat in Bruins zone.
8:48 of 2nd period - Wrist shot by Matthew Tkachuk.
8:48 of 2nd period - Stopped by Juuse Saros without a rebound.
8:49 of 2nd period - Paul Stastny wins face-off versus Bo Horvat in Bruins zone.
8:56 of 2nd period - Slapshot by Brady Tkachuk.
8:56 of 2nd period - Stopped by Mikko Koskinen without a rebound.
8:57 of 2nd period - Paul Stastny wins face-off versus Bo Horvat in Maroons zone.
9:28 of 2nd period - Wrist shot by Matthew Tkachuk.
9:28 of 2nd period - Stopped by Juuse Saros with a rebound.
9:38 of 2nd period - Snap shot by Brady Tkachuk.
9:38 of 2nd period - Stopped by Mikko Koskinen with a rebound.
10:25 of 2nd period - Slapshot by Nick Schmaltz.
10:25 of 2nd period - Shot Misses the Net.
11:03 of 2nd period - Backhand shot by Bo Horvat.
11:03 of 2nd period - Stopped by Juuse Saros with a rebound.
11:11 of 2nd period - Bo Horvat is hit by Brady Tkachuk and loses puck.
11:35 of 2nd period - Snap shot by Brady Tkachuk.
11:35 of 2nd period - Shot Blocked by Jacob Trouba.
11:37 of 2nd period - Slapshot by Brady Tkachuk.
11:37 of 2nd period - Stopped by Mikko Koskinen without a rebound.
11:38 of 2nd period - Sean Monahan wins face-off versus Pierre-Luc Dubois in Maroons zone.
11:41 of 2nd period - Wrist shot by Ryan Johansen.
11:41 of 2nd period - Deflect By Anthony Beauvillier.
11:41 of 2nd period - Shot Misses the Net.
11:41 of 2nd period - Puck is out of play.
11:42 of 2nd period - Pierre-Luc Dubois wins face-off versus Sean Monahan in Maroons zone.
12:53 of 2nd period - Backhand shot by Anthony Beauvillier.
12:53 of 2nd period - Stopped by Mikko Koskinen with a rebound.
13:01 of 2nd period - Ethan Bear is hit by Nick Ritchie and loses puck.
13:16 of 2nd period - Ilya Mikheyev is hit by Nicolas Aube-Kubel and loses puck.
14:15 of 2nd period - Seth Jones is hit by Dylan McIlrath and loses puck.
16:08 of 2nd period - Nolan Patrick is hit by Bo Horvat and loses puck.
16:55 of 2nd period - Brady Tkachuk is hit by Vince Dunn and loses puck.
18:32 of 2nd period - Ethan Bear is hit by Kieffer Bellows and loses puck.
Goals for this period are 0 for Bruins vs 2 for Maroons.
Shots for this period are 9 for Bruins vs 10 for Maroons.

3rd period


0:01 of 3rd period - Paul Stastny wins face-off versus Bo Horvat in neutral zone.
0:13 of 3rd period - Wrist shot by Ilya Mikheyev.
0:13 of 3rd period - Stopped by Mikko Koskinen without a rebound.
0:14 of 3rd period - Pierre-Luc Dubois wins face-off versus Paul Stastny in Maroons zone.
1:09 of 3rd period - Vince Dunn is hit by Joel Edmundson and loses puck.
1:34 of 3rd period - Vince Dunn is hit by Joel Edmundson.
1:42 of 3rd period - Wrist shot by Bo Horvat.
1:42 of 3rd period - Stopped by Juuse Saros without a rebound.
1:43 of 3rd period - Filip Zadina wins face-off versus Paul Stastny in Bruins zone.
2:10 of 3rd period - Ryan McDonagh is hit by Casey Cizikas and loses puck.
2:33 of 3rd period - Slapshot by Seth Jones.
2:33 of 3rd period - Shot Misses the Net.
2:35 of 3rd period - Slapshot by Jakob Chychrun.
2:35 of 3rd period - Stopped by Mikko Koskinen with a rebound.
2:37 of 3rd period - Wrist shot by Anthony Mantha.
2:37 of 3rd period - Stopped by Mikko Koskinen without a rebound.
2:38 of 3rd period - Pierre-Luc Dubois wins face-off versus Paul Stastny in Maroons zone.
2:49 of 3rd period - Snap shot by Filip Zadina.
2:49 of 3rd period - Shot Blocked by Ethan Bear.
2:51 of 3rd period - Minor Penalty to Paul Stastny for Hooking.
2:52 of 3rd period - Bo Horvat wins face-off versus Casey Cizikas in Bruins zone.
3:47 of 3rd period - Wrist shot by Ilya Mikheyev.
3:47 of 3rd period - Shot Blocked by Jacob Trouba.
4:47 of 3rd period - Esa Lindell is hit by Nolan Patrick and loses puck.
4:51 of 3rd period - Penalty to Paul Stastny is over, Paul Stastny is back on ice.
5:14 of 3rd period - Nolan Patrick is hit by Nick Ritchie and loses puck.
5:43 of 3rd period - Icing by Anthony Beauvillier.
5:44 of 3rd period - Bo Horvat wins face-off versus Nolan Patrick in Bruins zone.
5:47 of 3rd period - Snap shot by Bo Horvat.
5:47 of 3rd period - Shot Misses the Net.
7:54 of 3rd period - Jacob Trouba is hit by Casey Cizikas and loses puck.
9:57 of 3rd period - Anthony Beauvillier is hit by Matthew Tkachuk and loses puck.
10:56 of 3rd period - Wrist shot by Frederik Gauthier.
10:56 of 3rd period - Stopped by Juuse Saros with a rebound.
11:02 of 3rd period - Nolan Patrick is hit by Pierre-Luc Dubois.
11:41 of 3rd period - Wrist shot by Casey Mittelstadt.
11:41 of 3rd period - Stopped by Juuse Saros without a rebound.
11:42 of 3rd period - Casey Mittelstadt wins face-off versus Lawson Crouse in Bruins zone.
11:43 of 3rd period - Wrist shot by Nicolas Aube-Kubel.
11:43 of 3rd period - Stopped by Juuse Saros without a rebound.
11:44 of 3rd period - Paul Stastny wins face-off versus Casey Mittelstadt in Bruins zone.
12:10 of 3rd period - Snap shot by Ilya Mikheyev.
12:10 of 3rd period - Stopped by Mikko Koskinen without a rebound.
12:11 of 3rd period - Sean Monahan wins face-off versus Bo Horvat in Maroons zone.
12:16 of 3rd period - Wrist shot by Sean Monahan.
12:16 of 3rd period - Stopped by Mikko Koskinen without a rebound.
12:17 of 3rd period - Sean Monahan wins face-off versus Bo Horvat in Maroons zone.
12:23 of 3rd period - Icing by Bo Horvat.
12:24 of 3rd period - Bo Horvat wins face-off versus Paul Stastny in Maroons zone.
12:31 of 3rd period - Wrist shot by Paul Stastny.
12:31 of 3rd period - Stopped by Mikko Koskinen without a rebound.
12:32 of 3rd period - Paul Stastny wins face-off versus Bo Horvat in Maroons zone.
12:41 of 3rd period - Wrist shot by Lawson Crouse.
12:41 of 3rd period - Stopped by Mikko Koskinen with a rebound.
12:43 of 3rd period - Slapshot by Paul Stastny.
12:43 of 3rd period - Shot Misses the Net.
12:45 of 3rd period - Snap shot by Paul Stastny.
12:45 of 3rd period - Shot Blocked by Ryan McDonagh.
12:47 of 3rd period - Snap shot by Seth Jones.
12:47 of 3rd period - Stopped by Mikko Koskinen with a rebound.
12:57 of 3rd period - Seth Jones is hit by Nick Ritchie and loses puck.
13:04 of 3rd period - Snap shot by Filip Zadina.
13:04 of 3rd period - Stopped by Juuse Saros without a rebound.
13:05 of 3rd period - Pierre-Luc Dubois wins face-off versus Paul Stastny in Bruins zone.
13:06 of 3rd period - Slapshot by Filip Zadina.
13:06 of 3rd period - Stopped by Juuse Saros without a rebound.
13:07 of 3rd period - Pierre-Luc Dubois wins face-off versus Paul Stastny in Bruins zone.
13:16 of 3rd period - Slapshot by Ethan Bear.
13:16 of 3rd period - Deflect By Nick Ritchie.
13:16 of 3rd period - Stopped by Mikko Koskinen without a rebound.
13:17 of 3rd period - Bo Horvat wins face-off versus Paul Stastny in Maroons zone.
13:26 of 3rd period - Wrist shot by Bo Horvat.
13:26 of 3rd period - Stopped by Juuse Saros with a rebound.
13:28 of 3rd period - Slapshot by Nick Schmaltz.
13:28 of 3rd period - Shot Hit the Post.
13:48 of 3rd period - Slapshot by Cal Clutterbuck.
13:48 of 3rd period - Shot Blocked by Ilya Mikheyev.
13:50 of 3rd period - Slapshot by Dylan McIlrath.
13:50 of 3rd period - Shot Misses the Net.
13:52 of 3rd period - Wrist shot by Casey Mittelstadt.
13:52 of 3rd period - Stopped by Juuse Saros without a rebound.
13:53 of 3rd period - Sean Monahan wins face-off versus Pierre-Luc Dubois in Bruins zone.
14:25 of 3rd period - Wrist shot by Casey Cizikas.
14:25 of 3rd period - Stopped by Mikko Koskinen without a rebound.
14:26 of 3rd period - Bo Horvat wins face-off versus Lawson Crouse in Maroons zone.
14:26 of 3rd period - Bo Horvat is hit by Ilya Mikheyev.
14:52 of 3rd period - Sean Monahan is hit by Filip Zadina and loses puck.
15:18 of 3rd period - Brady Tkachuk is hit by Cal Clutterbuck and loses puck.
15:23 of 3rd period - Slapshot by Nicolas Aube-Kubel.
15:23 of 3rd period - Goal by Nicolas Aube-Kubel - Bruins : 1 - Maroons : 4.
15:24 of 3rd period - Bo Horvat wins face-off versus Paul Stastny in neutral zone.
15:55 of 3rd period - Slapshot by Esa Lindell.
15:55 of 3rd period - Deflect By Nicolas Aube-Kubel.
15:55 of 3rd period - Stopped by Juuse Saros without a rebound.
15:56 of 3rd period - Casey Mittelstadt wins face-off versus Sean Monahan in Bruins zone.
16:03 of 3rd period - Wrist shot by Casey Mittelstadt.
16:03 of 3rd period - Stopped by Juuse Saros without a rebound.
16:04 of 3rd period - Bo Horvat wins face-off versus Sean Monahan in Bruins zone.
16:09 of 3rd period - Snap shot by Matthew Tkachuk.
16:09 of 3rd period - Shot Misses the Net.
16:11 of 3rd period - Snap shot by Bo Horvat.
16:11 of 3rd period - Stopped by Juuse Saros with a rebound.
16:13 of 3rd period - Snap shot by Bo Horvat.
16:13 of 3rd period - Deflect By Nick Schmaltz.
16:13 of 3rd period - Shot Misses the Net.
16:13 of 3rd period - Puck is out of play.
16:14 of 3rd period - Bo Horvat wins face-off versus Paul Stastny in Bruins zone.
16:23 of 3rd period - Matthew Tkachuk is hit by Anthony Mantha and loses puck.
16:30 of 3rd period - Snap shot by Anthony Mantha.
16:30 of 3rd period - Stopped by Mikko Koskinen without a rebound.
16:31 of 3rd period - Pierre-Luc Dubois wins face-off versus Sean Monahan in Maroons zone.
16:56 of 3rd period - Esa Lindell is hit by Joel Edmundson and loses puck.
17:05 of 3rd period - Snap shot by Brady Tkachuk.
17:05 of 3rd period - Stopped by Mikko Koskinen with a rebound.
17:07 of 3rd period - Slapshot by Joel Edmundson.
17:07 of 3rd period - Stopped by Mikko Koskinen with a rebound.
18:01 of 3rd period - Slapshot by Filip Zadina.
18:01 of 3rd period - Shot Misses the Net.
18:03 of 3rd period - Snap shot by Nick Ritchie.
18:03 of 3rd period - Goal by Nick Ritchie - Bruins : 1 - Maroons : 5.
18:04 of 3rd period - Paul Stastny wins face-off versus Matthew Tkachuk in neutral zone.
18:37 of 3rd period - Snap shot by Sean Monahan.
18:37 of 3rd period - Deflect By Anthony Beauvillier.
18:37 of 3rd period - Shot Misses the Net.
18:37 of 3rd period - Puck is out of play.
18:38 of 3rd period - Sean Monahan wins face-off versus Nick Ritchie in Maroons zone.
19:05 of 3rd period - Nick Schmaltz is hit by Lawson Crouse and loses puck.
19:14 of 3rd period - Snap shot by Paul Stastny.
19:14 of 3rd period - Stopped by Mikko Koskinen with a rebound.
Goals for this period are 0 for Bruins vs 2 for Maroons.
Shots for this period are 14 for Bruins vs 13 for Maroons. Output by the SimonT Hockey Simulator (STHS) for Eric Tremblay - Original Page W3C HTML5 Valid
Hockey Simulator - Hockey Simulation - Hockey Manager